 Dungeon Crawl Stone Soup version 0.24.0-37-gcf1ca852f1 (webtiles) character file.

Game seed: 6619881781964951913, levelgen mode: deterministic

1854 Kobolds4U the Covert (level 8, -6/41 HPs)
             Began as a Deep Elf Conjurer on Dec 7, 2019.
             Was an Initiate of Ashenzari.
             Mangled by an orc warrior
             ... wielding a +0 long sword
              (21 damage)
             ... on level 6 of the Dungeon.
             The game lasted 00:22:40 (6917 turns).

Kobolds4U the Covert (Deep Elf Conjurer)            Turns: 6917, Time: 00:22:41

Health: -6/41      AC:  6    Str:  6    XL:     8   Next: 89%
Magic:  0/23       EV: 13    Int: 21    God:    Ashenzari [......]
Gold:   312        SH:  0    Dex: 20    Spells: 3/13 levels left

rFire    . . .     SeeInvis .   u - +1 dagger (venom)
rCold    . . .     Gourm    .   (no shield)
rNeg     . . .     Faith    .   a - +0 robe
rPois    .         Spirit   .   g - +0 helmet
rElec    .         Reflect  .   (no cloak)
rCorr    .         Harm     .   (no gloves)
MR       .....                  e - +2 pair of boots (curse)
Stlth    ++++++....             (no amulet)
HPRegen  0.13/turn              h - ring of magical power
MPRegen  0.18/turn              t - +4 ring of dexterity

@: very slightly contaminated
A: no striking features
a: Curse Item, Renounce Religion


You were on level 6 of the Dungeon.
You worshipped Ashenzari.
Ashenzari was noncommittal.
You were hungry.

You visited 2 branches of the dungeon, and saw 7 of its levels.

You collected 312 gold pieces.

Inventory:

Hand Weapons
 f - a +0 short sword
 u - a +1 dagger of venom (weapon)
 v - a +0 rapier
 B - the +4 hand crossbow of the Imperium {flame, -Tele rElec rPois rF+ Str+2}
   (You found it on level 5 of the Dungeon)

   It causes projectiles fired from it to burn those they strike, causing extra
   injury to most foes and up to half again as much damage against particularly
   susceptible opponents.
   It affects your strength (+2).
   It protects you from fire.
   It insulates you from electricity.
   It protects you from poison.
   It prevents most forms of teleportation.
 C - a +0 antimagic dagger
Missiles
 y - 4 boomerangs (quivered)
Armour
 a - a +0 robe (worn)
 e - a cursed +2 pair of boots (worn)
 g - a +0 helmet (worn)
Jewellery
 h - a ring of magical power (left hand)
 i - a +2 ring of dexterity
 t - a +4 ring of dexterity (right hand)
Scrolls
 b - a scroll of enchant armour {unknown}
 d - a scroll of blinking {unknown}
 m - a scroll of enchant weapon {unknown}
 n - 2 scrolls of teleportation {unknown}
 p - 3 scrolls of amnesia {unknown}
 q - 6 scrolls of identify {unknown}
 r - a scroll of magic mapping {unknown}
 s - 2 scrolls of remove curse
 w - a scroll of noise {unknown}
 A - a scroll of immolation {unknown}
Potions
 k - 2 potions of brilliance {unknown}
 l - a potion of flight {unknown}
 o - 4 potions of curing {unknown}
 x - a potion of lignification {unknown}
Comestibles
 c - 9 rations
 z - 3 chunks of flesh


   Skills:
 - Level 2.4 Dodging
 * Level 13.7 Stealth
 - Level 3.0 Spellcasting
 + Level 4.9 Conjurations
 + Level 3.9 Hexes


You had 3 spell levels left.
You knew the following spells:

 Your Spells              Type           Power        Failure   Level  Hunger
a - Magic Dart            Conj           ###.         1%          1    None
b - Searing Ray           Conj           ###...       2%          2    ##.....
c - Dazzling Spray        Conj/Hex       ###...       7%          3    ###....
d - Fulminant Prism       Conj/Hex       ###.......   22%         4    ####...

Your spell library contained the following spells:

 Spells                   Type           Power        Failure   Level  Hunger
 Iskenderun's Mystic Bla  Conj           ###.....     19%         4    ####...
 Force Lance              Conj/Tloc      ##......     43%         4    ####...


Dungeon Overview and Level Annotations

Branches:
Dungeon (6/15)             Temple (1/1) D:5

Altars:
Ashenzari
Cheibriados
Fedhas
Nemelex Xobeh
Okawaru
Qazlal
Ru
Trog
Uskayaw
Vehumet
Wu Jian
Yredelemnul
Zin
The Shining One

Annotations:
D:5 1 runed translucent door, diiiiiane's ghost, novice OpAs
D:6 Grinder


Message History

* * * LOW HITPOINT WARNING * * *
The phantom misses you.
The orc warrior hits you with a +0 long sword.
* * * LOW HITPOINT WARNING * * *
The phantom hits you but does no damage.
You feel much better.
The phantom blinks!
The orc warrior misses you.
You hit the orc warrior but do no damage.
The orc warrior is poisoned.
The orc warrior is heavily wounded.
The orc warrior hits you with a +0 long sword!
Casting: Searing Ray (safe; 2% risk of failure)
Confirm with . or Enter, or press ? or * to list all spells.
Aiming: Magic Dart (safe; 1% risk of failure)
Press: ? - help, Shift-Dir - straight line, f - orc warrior
Aim: an orc warrior, wielding a +0 long sword and wearing a +0 plate armour (heavily wounded, poisoned)
The magic dart hits the orc warrior but does no damage.
The orc warrior is heavily wounded.
The orc warrior hits you with a +0 long sword!!
Ouch! That really hurt!
You die...

... ##..# ##... ..#..
#.##...#####.... #....#
#.......##......
......###..........##...
.................####...
.?........#....### #...
......... ##...# #...
........# ##..## ##...
#..@# ##..## #.... ##Wo#
##..###.... ..###...#
#...##.... ........#
##........# ........##
###...##...##
######..)###....####..#
#..).....### #..#
#.....^.### ##.#
#....###.## .


You could see a phantom and an orc warrior.

Vanquished Creatures
  A two-headed ogre (D:4)
  Edmund (D:5)
  An ice beast (D:5)
  A phantom (D:4)
  3 ogres
  A scorpion (D:4)
  A crimson imp (D:5)
  A hound (D:5)
  3 orc priests
  A bullfrog skeleton (D:4)
  A jelly (D:6)
  3 orc wizards
  3 iguanas
  Terence (D:3)
  A worker ant (D:3)
  A hound skeleton (D:6)
  A howler monkey zombie (D:6)
  A worker ant zombie (D:6)
  Robin (D:2)
  5 adders
  2 oozes (D:3)
  An adder skeleton (D:3)
  2 worms
  2 dart slugs
  4 leopard geckos
  10 orcs
  3 giant cockroaches
  20 goblins
  4 hobgoblins
  11 jackals
  A quokka (D:5)
  A ball python (D:3)
  5 bats
  8 frilled lizards
  A jackal zombie (D:5)
  7 kobolds
  6 rats
120 creatures vanquished.

Vanquished Creatures (others)
  4 fulminant prisms (D:6)
4 creatures vanquished.

Grand Total: 124 creatures vanquished

Notes
Turn   | Place    | Note
-------+----------+-------------------------------------------
     0 | D:1      | Kobolds4U the Deep Elf Conjurer began the quest for the
                  | Orb.
     0 | D:1      | Reached XP level 1. HP: 10/10 MP: 6/6
    91 | D:1      | Reached skill level 3 in Stealth
   318 | D:1      | Reached XP level 2. HP: 15/15 MP: 6/8
   322 | D:1      | Learned a level 2 spell: Searing Ray
   830 | D:2      | Reached skill level 4 in Stealth
  1281 | D:2      | Reached XP level 3. HP: 19/19 MP: 9/9
  1533 | D:2      | Reached skill level 5 in Stealth
  1777 | D:2      | Noticed Robin
  1885 | D:2      | Killed Robin
  1885 | D:2      | Reached XP level 4. HP: 13/24 MP: 1/10
  2032 | D:2      | Learned a level 3 spell: Dazzling Spray
  2381 | D:3      | Noticed Terence
  2452 | D:3      | Killed Terence
  2452 | D:3      | Reached skill level 6 in Stealth
  2752 | D:3      | Found a basalt altar of Yredelemnul.
  2814 | D:3      | Reached XP level 5. HP: 28/28 MP: 11/11
  2866 | D:3      | Reached skill level 7 in Stealth
  3263 | D:4      | Noticed a phantom
  3284 | D:4      | Killed a phantom
  3284 | D:4      | Reached skill level 8 in Stealth
  3454 | D:4      | Learned a level 4 spell: Fulminant Prism
  3503 | D:4      | Reached XP level 6. HP: 32/32 MP: 12/12
  3541 | D:4      | Noticed a two-headed ogre
  3570 | D:4      | Killed a two-headed ogre
  3570 | D:4      | Reached skill level 11 in Stealth
  3570 | D:4      | Reached XP level 7. HP: 6/36 MP: 13/13
  4171 | D:3      | Reached skill level 12 in Stealth
  4171 | D:3      | Reached XP level 8. HP: 27/41 MP: 14/14
  4570 | D:5      | Entered Level 5 of the Dungeon
  4657 | D:5      | Reached skill level 1 in Hexes
  4869 | D:5      | Noticed Edmund
  4883 | D:5      | Killed Edmund
  4990 | D:5      | Found an iron altar of Okawaru.
  5000 | D:5      | Reached skill level 13 in Stealth
  5006 | D:5      | Got a scorched hand crossbow
  5315 | D:5      | Found a staircase to the Ecumenical Temple.
  5326 | Temple   | Entered the Ecumenical Temple
  5690 | Temple   | Became a worshipper of Ashenzari the Shackled
  5810 | D:5      | Found a runed translucent door.
  5811 | D:5      | Noticed diiiiiane's ghost (novice OpAs)
  6206 | D:6      | Noticed Grinder
  6704 | D:6      | Found a bloodstained altar of Trog.
  6917 | D:6      | Mangled by an orc warrior

Levels and vault maps discovered:
D:1:      sevenhm_arrival_forest_fort_large_2, layout_basic
D:2:      cheibrodos_helix_gallery, layout_loops_corners, first_ration,
          chequers_serial_rivers_marsh, st_stairs_7, uniq_robin
D:3:      layout_rooms, nicolae_overflow_crystal_walls, serial_aquarium,
          aquarium_bridge_square [aquarium_subvault_bridge,
          aquarium_subvault_wall, aquarium_subvault_bridge,
          aquarium_subvault_bridge], aquarium_window_fake, aquarium_window_1,
          aquarium_window_1, aquarium_window_fake, aquarium_view_2a,
          aquarium_view_2g, aquarium_balcony_3a, aquarium_pool_S, uniq_terence
D:4:      layout_cave_pools
D:5:      layout_basic, okawaru_metal_pillars_1_2,
          minmay_temple_entry_proselytizer, ebering_ghost_reflecting_pool,
          uniq_edmund
D:6:      layout_layer_cave, nicolae_gozag_cash_rules_everything_around_me,
          trog_book, uniq_grinder
Temple:   hc_temple_tempest_star

Skill      XL: |  1  2  3  4  5  6  7  8 |
---------------+-------------------------+-----
Stealth        | 3 4 5 6 8 11 12 13 | 13.7
Hexes          | 3 |  3.9
Dodging        | |  2.4
Spellcasting   | |  3.0
Conjurations   | |  4.9

Action                   |  1- 3 |  4- 6 |  7- 9 || total
-------------------------+-------+-------+-------++-------
Melee: Unarmed           |     3 |       |       ||     3
       Dagger            |    23 |    38 |    73 ||   134
       Short sword       |     2 |       |       ||     2
 Cast: Magic Dart        |    31 |    23 |    47 ||   101
       Searing Ray       |    17 |     1 |    11 ||    29
       Dazzling Spray    |       |     7 |    21 ||    28
       Fulminant Prism   |       |       |     4 ||     4
Invok: Curse Item        |       |       |     1 ||     1
  Use: Potion            |     1 |       |     2 ||     3
 Stab: Sleeping          |     5 |    13 |     8 ||    26
       Invisible         |       |     1 |     2 ||     3
  Eat: Chunk             |     3 |     6 |    14 ||    23
Armor: Robe              |    18 |     7 |    33 ||    58
Dodge: Dodged            |    48 |    35 |    60 ||   143
